 Dungeon Crawl Stone Soup version 0.27-a0-972-gd1521fd518 (webtiles) character file.

Game seed: 11592390192152937569

1707 harryhousin the Covert (level 9, -3/73 HPs)
             Began as a Gnoll Wanderer on Apr 10, 2021.
             Was a Believer of Zin.
             Slain by an orc warrior
             ... wielding a +0 halberd
              (14 damage)
             ... on level 6 of the Dungeon on Apr 13, 2021.
             The game lasted 00:35:00 (6918 turns).

harryhousin the Covert (Gnoll Wanderer)             Turns: 6918, Time: 00:35:01

Health: -3/73      AC:  7    Str: 14    XL:     9   Next: 3%
Magic:  11/14      EV: 17    Int: 10    God:    Zin [**....]
Gold:   126        SH:  0    Dex: 14    Spells: 14/15 levels left

rFire    . . .     SeeInvis .   q - +1 trident (vorpal)
rCold    + . .     Faith    .   (no shield)
rNeg     . . .     Spirit   .   d - +0 robe
rPois    .         Reflect  .   p - +2 helmet
rElec    .         Harm     .   C - +0 cloak
rCorr    .         Rampage  .   y - +0 pair of gloves
Will     .....                  (no boots)
Stlth    ++++......             (no amulet)
HPRegen  0.22/turn              i - ring of protection from cold
MPRegen  0.14/turn              n - +4 ring of evasion

@: very slightly contaminated, studying Long Blades
A: fangs 1, strong nose, distributed training
a: Renounce Religion, Recite, Vitalisation, Donate Gold


You were on level 6 of the Dungeon.
You worshipped Zin.
Zin was pleased with you.
You visited 1 branch of the dungeon, and saw 6 of its levels.

You collected 266 gold pieces.
You donated 140 gold pieces to Zin.

Inventory:

Hand Weapons
 q - a +1 vorpal trident (weapon)
Armour
 d - a +0 robe (worn)
 p - a +2 helmet (worn)
 y - a +0 pair of gloves (worn)
 C - a +0 cloak (worn)
Magical Staves
 h - a staff of air
Jewellery
 i - a ring of protection from cold (left hand)
 n - a +4 ring of evasion (right hand)
 B - a ring of willpower
Wands
 r - a wand of flame (18)
 u - a wand of iceblast (8)
 x - a wand of polymorph (15)
Scrolls
 b - 3 scrolls of teleportation
 e - a scroll of torment {unknown}
 f - a scroll of enchant armour {unknown}
 g - 2 scrolls of acquirement {unknown}
 j - a scroll of summoning {unknown}
 k - a scroll of immolation {unknown}
 m - 9 scrolls of identify {unknown}
 s - a scroll of amnesia {unknown}
 v - a scroll of magic mapping {unknown}
 A - a scroll of noise {unknown}
Potions
 c - 3 potions of curing
 l - a potion of lignification
 t - 3 potions of attraction
 w - a potion of degeneration {unknown}
 z - a potion of heal wounds {unknown}


   Skills:
 + Level 7.6 Fighting
 + Level 3.8 Short Blades
 + Level 4.0 Long Blades
 + Level 3.8 Axes
 + Level 3.8 Maces & Flails
 + Level 4.6 Polearms
 + Level 3.8 Staves
 + Level 3.8 Slings
 + Level 3.8 Bows
 + Level 3.8 Crossbows
 + Level 3.8 Throwing
 + Level 3.8 Armour
 + Level 4.6 Dodging
 + Level 8.7 Stealth
 + Level 3.8 Shields
 + Level 4.6 Unarmed Combat
 + Level 3.8 Spellcasting
 + Level 3.1 Conjurations
 + Level 3.1 Hexes
 + Level 3.1 Summonings
 + Level 3.1 Necromancy
 + Level 3.1 Translocations
 + Level 3.1 Transmutations
 + Level 3.1 Fire Magic
 + Level 3.1 Ice Magic
 + Level 3.1 Air Magic
 + Level 3.1 Earth Magic
 + Level 3.1 Poison Magic
 + Level 4.2 Invocations
 + Level 3.8 Evocations


You had 14 spell levels left.
You knew the following spells:

 Your Spells              Type           Power      Damage    Failure   Level
a - Summon Small Mammal   Summ           32%        N/A       7%          1

Your spell library contained the following spells:

 Spells                   Type           Power      Damage    Failure   Level
 Animate Skeleton         Necr           16%        N/A       7%          1
 Apportation              Tloc           16%        N/A       7%          1
 Corona                   Hex            8%         N/A       7%          1


Dungeon Overview and Level Annotations

Branches:
Dungeon (6/15)
 Temple: D:4-7

Altars:
Zin

Shops:
D:5 :   D:6 !


Innate Abilities, Weirdness & Mutations

You have very sharp teeth.
Your uncanny sense of smell can sniff out nearby items.
Your experience applies equally to all skills.


Message History

The orc warrior hits your rat with a +0 halberd!
Your rat dies!
Your rat's corpse disappears in a puff of smoke!
Your rat bites the orc warrior but does no damage.
You are too injured to fight recklessly!
Casting: Summon Small Mammal (safe; 7% risk of failure)
Confirm with . or Enter, or press ? or * to list all spells.
The orc warrior hits your rat with a +0 halberd!!
Your rat dies!
Your rat's corpse disappears in a puff of smoke!
Unknown command.
You swap places.
The orc warrior hits your rat with a +0 halberd!
Your rat dies!
Your rat's corpse disappears in a puff of smoke!
Casting: Summon Small Mammal (safe; 7% risk of failure)
Confirm with . or Enter, or press ? or * to list all spells.
Unknown command.
Casting: Summon Small Mammal (safe; 7% risk of failure)
Confirm with . or Enter, or press ? or * to list all spells.
Unknown command.
You swap places.
Your bat hits the orc warrior but does no damage.
The orc warrior hits you from afar with a +0 halberd!
* * * LOW HITPOINT WARNING * * *
Your bat hits the orc warrior but does no damage.
The orc warrior hits your bat with a +0 halberd!
Your bat dies!
Your bat's corpse disappears in a puff of smoke!
The orc warrior hits something from afar with a +0 halberd!
You are too injured to fight recklessly!
You are too injured to fight recklessly!
Casting: Summon Small Mammal (safe; 7% risk of failure)
Confirm with . or Enter, or press ? or * to list all spells.
You miscast Summon Small Mammal.
You are very lightly contaminated with residual magic.
Nothing appears to happen.
The orc warrior shouts!
The orc warrior hits you from afar with a +0 halberd!
You die...

#.##...##.# ########
#.#.##..#.#
##.........#############
#..#.(##.#..............
#..##(..##............##
#...##.##...#########.#
#.#......o..# #.#
#.##.#.#ยง##.# #.##
#....#.@.##.# #...
####.###.##.#### ####
#...#.##.o..#
###.#.#####.# #.#.# #.#
#.#.# #.# #.#.# #o#
#.#.#####.# #......##.#
#


You could see an orc warrior.

Vanquished Creatures
  Grinder (D:6)
  Sigmund (D:3)
  A black bear (D:5)
  An ogre (D:5)
  2 necrophages
  3 centaurs
  2 kobold brigands (D:6)
  A gnoll sergeant (D:6)
  A water moccasin skeleton (D:3)
  A centaur zombie (D:6)
  A bullfrog zombie (D:2)
  A hound (D:5)
  A jelly (D:5)
  A bullfrog skeleton (D:5)
  2 iguanas
  Ijyb (D:3)
  Robin (D:3)
  9 gnolls
  7 adders
  A shadow imp (D:6)
  A white imp (D:5)
  An ufetubus (D:5)
  A worm (D:2)
  2 adder skeletons (D:4)
  2 dart slugs
  8 orcs
  6 endoplasms
  2 giant cockroaches
  16 goblins
  13 hobgoblins
  10 jackals
  10 kobolds
  3 quokkas
  11 ball pythons
  6 bats
  5 frilled lizards
  A quokka skeleton (D:4)
  9 rats
146 creatures vanquished.

Notes
Turn   | Place    | Note
-------+----------+-------------------------------------------
     0 | D:1      | harryhousin the Gnoll Wanderer began the quest for the Orb.
     0 | D:1      | harryhousin set off with the following items: a +2 spear, a
                  | scroll of teleportation, a potion of curing, a +0 robe, a
                  | +0 dagger
     0 | D:1      | Reached XP level 1. HP: 23/23 MP: 1/1
     0 | D:1      | Noticed an iron dragon
     0 | D:1      | Noticed a large abomination
     1 | D:1      | Noticed a tentacled monstrosity
     2 | D:1      | Noticed a large abomination
     4 | D:1      | Noticed a tentacled monstrosity
     4 | D:1      | Noticed an iron dragon
     7 | D:1      | Noticed an ice dragon
    11 | D:1      | Noticed a large abomination
    13 | D:1      | Noticed an iron dragon
    13 | D:1      | Noticed an iron dragon
    15 | D:1      | Noticed an iron dragon
    17 | D:1      | Noticed a tentacled monstrosity
   181 | D:1      | Reached XP level 2. HP: 29/29 MP: 2/2
   617 | D:1      | Reached XP level 3. HP: 35/35 MP: 3/3
  1078 | D:2      | Reached skill level 1 in Invocations
  1319 | D:2      | Reached skill level 1 in Short Blades
  1319 | D:2      | Reached skill level 1 in Long Blades
  1319 | D:2      | Reached skill level 1 in Axes
  1319 | D:2      | Reached skill level 1 in Maces & Flails
  1319 | D:2      | Reached skill level 1 in Staves
  1319 | D:2      | Reached skill level 1 in Slings
  1319 | D:2      | Reached skill level 1 in Bows
  1319 | D:2      | Reached skill level 1 in Crossbows
  1319 | D:2      | Reached skill level 1 in Throwing
  1319 | D:2      | Reached skill level 1 in Armour
  1319 | D:2      | Reached skill level 1 in Shields
  1319 | D:2      | Reached skill level 1 in Spellcasting
  1319 | D:2      | Reached skill level 1 in Evocations
  1319 | D:2      | Reached XP level 4. HP: 22/41 MP: 5/5
  1713 | D:2      | Reached skill level 1 in Conjurations
  1713 | D:2      | Reached skill level 1 in Hexes
  1713 | D:2      | Reached skill level 1 in Summonings
  1713 | D:2      | Reached skill level 1 in Necromancy
  1713 | D:2      | Reached skill level 1 in Translocations
  1713 | D:2      | Reached skill level 1 in Transmutations
  1713 | D:2      | Reached skill level 1 in Fire Magic
  1713 | D:2      | Reached skill level 1 in Ice Magic
  1713 | D:2      | Reached skill level 1 in Air Magic
  1713 | D:2      | Reached skill level 1 in Earth Magic
  1713 | D:2      | Reached skill level 1 in Poison Magic
  2024 | D:3      | Reached XP level 5. HP: 44/47 MP: 6/6
  2052 | D:3      | Noticed Robin
  2086 | D:3      | Killed Robin
  2655 | D:3      | Reached skill level 8 in Stealth
  2804 | D:3      | Noticed Sigmund
  2813 | D:3      | Killed Sigmund
  2814 | D:3      | Reached XP level 6. HP: 38/53 MP: 7/9
  2908 | D:3      | Noticed Ijyb
  2917 | D:3      | Killed Ijyb
  3330 | D:4      | Reached XP level 7. HP: 21/59 MP: 10/10
  3703 | D:4      | Found a glowing silver altar of Zin.
  3703 | D:4      | Noticed an angel
  3709 | D:4      | Became a worshipper of Zin the Law-Giver
  3709 | D:4      | Reached * piety under Zin
  4188 | D:5      | Entered Level 5 of the Dungeon
  4536 | D:5      | Found Myefymocs's Book Shop.
  4547 | D:5      | Donated 114 gold pieces to Zin
  4547 | D:5      | Reached ** piety under Zin
  4571 | D:5      | Reached XP level 8. HP: 32/67 MP: 12/12
  5043 | D:6      | Noticed Grinder
  5050 | D:6      | Paralysed by Grinder for 4 turns
  5090 | D:6      | Paralysed by Grinder for 3 turns
  5100 | D:6      | Killed Grinder
  6176 | D:6      | Reached XP level 9. HP: 36/72 MP: 14/14
  6178 | D:6      | Learned a level 1 spell: Summon Small Mammal
  6370 | D:6      | Upgraded the game from 0.27-a0-931-g5a74e75d8f to
                  | 0.27-a0-972-gd1521fd518
  6781 | D:6      | Found Ehimodac's Distillery.
  6918 | D:6      | Slain by an orc warrior

Illustrated notes

Levels and vault maps discovered:
D:1:      shiori_arrival_whats_in_store_for_you, layout_loops_ring,
          serial_glass, glass_columns_b, glass_columns_a
D:2:      layout_basic, minmay_hexomino_c4
D:3:      layout_loops_ring, minmay_quantized, uniq_ijyb, uniq_robin,
          uniq_sigmund
D:4:      layout_basic, zin_angel
D:5:      layout_rooms, serial_shops, shop
D:6:      minmay_octagon_keep, layout_loops_ring, serial_shops, shop,
          minmay_manual_mares, uniq_grinder

Skill      XL: |  1  2  3  4  5  6  7  8  9 |
---------------+----------------------------+-----
Invocations    | 1 2 3 4 |  4.2
Short Blades   | 1 2 3 |  3.8
Long Blades    | 1 2 3 4 |  4.0
Axes           | 1 2 3 |  3.8
Maces & Flails | 1 2 3 |  3.8
Staves         | 1 2 3 |  3.8
Slings         | 1 2 3 |  3.8
Bows           | 1 2 3 |  3.8
Crossbows      | 1 2 3 |  3.8
Throwing       | 1 2 3 |  3.8
Armour         | 1 2 3 |  3.8
Shields        | 1 2 3 |  3.8
Spellcasting   | 1 2 3 |  3.8
Evocations     | 1 2 3 |  3.8
Conjurations   | 1 2 3 |  3.1
Hexes          | 1 2 3 |  3.1
Summonings     | 1 2 3 |  3.1
Necromancy     | 1 2 3 |  3.1
Translocations | 1 2 3 |  3.1
Transmutations | 1 2 3 |  3.1
Fire Magic     | 1 2 3 |  3.1
Ice Magic      | 1 2 3 |  3.1
Air Magic      | 1 2 3 |  3.1
Earth Magic    | 1 2 3 |  3.1
Poison Magic   | 1 2 3 |  3.1
Polearms       | 3 4 |  4.6
Dodging        | 3 4 |  4.6
Unarmed Combat | 3 4 |  4.6
Stealth        | 8 |  8.7
Fighting       | 7 |  7.6

Action                   |  1- 3 |  4- 6 |  7- 9 || total
-------------------------+-------+-------+-------++-------
Melee: Spear             |   100 |    94 |       ||   194
       Bite              |     9 |     8 |    17 ||    34
       Punch             |     1 |     3 |     2 ||     6
       Trident           |       |    67 |   220 ||   287
 Cast: Summon Small Mamm |       |       |    10 ||    10
Invok: Recite            |       |       |     1 ||     1
       Donate Gold       |       |       |     1 ||     1
  Use: Potion            |       |     1 |     2 ||     3
       Scroll            |       |       |     1 ||     1
 Stab: Sleeping          |    19 |    16 |    14 ||    49
       Distracted        |       |       |     1 ||     1
Armor: Robe              |    12 |     9 |    34 ||    55
       Skin              |       |    28 |       ||    28
Dodge: Dodged            |    42 |    54 |   178 ||   274

Table legend: (Time is in decaauts)
 A = Elapsed time spent in this place.
 B = Non-inter-level travel time spent in this place.
 C = Inter-level travel time spent in this place.
 D = Time resting spent in this place.
 E = Time spent auto-exploring this place.
 F = Levels seen in this place.
 G = Mean time per level.
                   A        B        C        D        E       F      G
               +--------+--------+--------+--------+--------+-----+--------+
         Total |   6942 |   6818 |    124 |   1704 |   3466 |   6 | 1157.0 |
       Dungeon |   6942 |   6818 |    124 |   1704 |   3466 |   6 | 1157.0 |
               +--------+--------+--------+--------+--------+-----+--------+

Top non-repeatable levels by time:
     D:6: 1938 daAuts
     D:3: 1150 daAuts
     D:4: 1065 daAuts
     D:1: 989 daAuts
     D:2: 989 daAuts
     D:5: 811 daAuts
